Map: Congelamento ER

Players

TheZergLord - Winner!

  • Race: Zerg Zerg
  • League: Master
  • Spawn Location: 11:00

Swat

  • Race: Terran Terran
  • Spawn Location: 1:00

VOD

https://www.youtube.com/watch?v=IdxAvdqPZ-8

Description

Time

  • Played on: May 24, 2016, 2:37 p.m.
  • Length: 13:32
Show
View Real Time Build Order
Export as new Build Order

TheZergLord Zerg - Winner!

Build Orders: Hatch First, Muta Ling Bane 

Get SALT Encoding   

  12  0:01  Drone  
  13  0:12  Overlord  
  13  0:17  Drone  
  14  0:32  Drone x2  
  16  0:35  Drone  
  17  0:53  Hatchery  
  16  0:57  Drone  
  17  1:10  Spawning Pool  
  16  1:14  Drone  
  16  1:18  Extractor  
  16  1:19  Drone  
  16  1:23  Drone  
  18  1:32  Drone  
  19  1:43  Overlord  
  19  1:59  Queen  
  19  2:00  Zergling x2  
  22  2:02  Zergling x2  
  22  2:06  Queen  
  22  2:07  Zergling x2  
  26  2:15  Drone  
  27  2:19  Metabolic Boost  
  27  2:24  Drone x2  
  27  2:28  Drone  
  30  2:39  Drone x2  
  32  2:49  Hatchery  
  31  2:53  Queen  
  31  2:58  Overlord  
  33  3:02  Drone  
  33  3:03  Drone  
  35  3:06  Drone  
  36  3:18  Drone x3  
  36  3:19  Overlord  
  39  3:22  Drone x3  
  42  3:36  Drone  
  42  3:37  Drone  
  44  3:41  Queen, Drone  
  44  3:42  Queen  
  44  3:44  Overlord  
  44  3:48  Drone x2  
  50  3:51  Drone  
  51  4:01  Overlord  
  51  4:05  Queen  
  51  4:08  Overlord  
  53  4:16  Drone x2  
  53  4:17  Drone x2  
  57  4:19  Lair  
  57  4:21  Overlord  
  57  4:23  Drone x4  
  62  4:24  Drone  
  62  4:25  Drone  
  62  4:29  Drone, Extractor x2  
  62  4:30  Drone  
  63  4:40  Overlord  
  63  4:41  Drone x2  
  63  4:45  Evolution Chamber, Baneling Nest  
  64  4:50  Drone x6  
  64  4:51  Drone  
  70  4:57  Zergling x6  
  70  4:58  Zergling x2  
  74  5:05  Zergling x4  
  74  5:06  Zergling x4  
  78  5:12  Zerg Ground Armor Level 1, Zergling x2  
  78  5:13  Zergling x6  
  82  5:20  Zergling x6  
  85  5:28  Overseer  
  85  5:35  Drone x2  
  87  5:39  Zergling x4  
  87  5:41  Baneling  
  89  5:43  Centrifical Hooks  
  89  5:45  Overlord x4  
  89  5:46  Baneling  
  89  5:51  Hatchery  
  89  5:53  Baneling  
  89  5:54  Zergling x2, Baneling  
  89  6:02  Zergling x10  
  89  6:03  Zergling x12  
  79  6:14  Drone x5  
  83  6:22  Drone  
  83  6:24  Spire  
  83  6:29  Drone x4  
  83  6:30  Drone  
  83  6:31  Extractor  
  87  6:32  Extractor  
  87  6:33  Drone, Extractor  
  87  6:37  Drone  
  87  6:40  Hatchery  
  87  6:44  Drone x2  
  87  6:45  Drone  
  89  6:48  Drone x2  
  89  6:51  Spire  
  89  6:52  Evolution Chamber  
  89  6:54  Baneling x4  
  89  6:58  Drone x3  
  89  6:59  Zergling x10  
  89  7:00  Zergling x2  
  98  7:01  Baneling  
  98  7:02  Baneling x5  
  98  7:05  Queen  
  100  7:09  Zerg Melee Weapons Level 1  
  100  7:13  Zergling x2  
  100  7:14  Zergling x8  
  105  7:25  Zerg Ground Armor Level 2  
  105  7:26  Zergling x2  
  105  7:27  Zergling x12  
  112  7:38  Pneumatized Carapace  
  112  7:39  Zergling x8  
  112  7:40  Zergling x6  
  107  7:54  Overlord  
  107  7:55  Mutalisk x4  
  107  7:57  Queen  
  117  7:58  Overseer  
  117  8:01  Zergling x2  
  117  8:02  Zergling x14  
  122  8:27  Infestation Pit  
  122  8:29  Drone x4  
  125  8:35  Mutalisk x4  
  125  8:38  Overlord  
  125  8:39  Overlord x3  
  133  8:55  Extractor  
  133  8:57  Mutalisk x5  
  142  9:03  Zergling x16  
  142  9:04  Zergling x10  
  142  9:06  Baneling x5  
  154  9:18  Hive  
  154  9:19  Zergling x16  
  149  9:29  Drone x4  
  149  9:40  Zerg Melee Weapons Level 2  
  135  10:03  Drone  
  135  10:04  Drone x4  
  135  10:06  Extractor  
  139  10:16  Mutalisk x5  
  139  10:17  Mutalisk  
  139  10:18  Hatchery  
  139  10:19  Overlord x5  
  139  10:21  Zergling x24  
  162  10:33  Zerg Ground Armor Level 3  
  162  10:35  Drone  
  163  10:36  Ultralisk Cavern  
  163  10:38  Zergling x2  
  163  10:39  Zergling x8  
  163  10:42  Baneling x5  
  164  10:47  Adrenal Glands  
  150  11:17  Drone x2  
  147  11:19  Drone  
  147  11:20  Drone x7  
  147  11:23  Chitinous Plating  
  161  11:25  Ultralisk  
  161  11:26  Ultralisk  
  167  11:37  Queen  
  169  11:44  Ultralisk  
  169  11:45  Ultralisk x2  
  187  11:50  Baneling  
  187  11:51  Baneling x4  
  186  12:02  Ultralisk  
  192  12:19  Zergling x4  
  192  12:20  Zergling x10  
  193  12:41  Ultralisk  
  198  12:58  Zergling x6  
Show
View Real Time Build Order
Export as new Build Order

Swat Terran 

Build Orders: MMM Bio 

Get SALT Encoding   

  12  0:01  SCV  
  13  0:13  SCV  
  14  0:17  Supply Depot  
  14  0:25  SCV  
  15  0:38  SCV  
  15  0:40  Barracks  
  16  0:51  SCV  
  17  1:03  SCV  
  18  1:15  SCV  
  19  1:23  Command Center  
  19  1:27  Marine  
  20  1:33  Supply Depot  
  20  1:37  SCV  
  21  1:45  Marine  
  22  1:50  Barracks  
  22  2:00  Barracks  
  22  2:03  Marine  
  23  2:14  Orbital Command  
  23  2:20  Refinery  
  23  2:25  Refinery  
  22  2:30  Marine  
  23  2:37  Marine  
  23  2:42  Supply Depot  
  24  2:44  SCV  
  25  2:51  Marine  
  25  2:52  Marine  
  27  3:04  Barracks Tech Lab  
  27  3:09  Marine x2  
  27  3:10  SCV  
  30  3:22  SCV, Orbital Command  
  30  3:26  Stimpack  
  30  3:27  Marine  
  31  3:28  Marine  
  33  3:34  SCV  
  33  3:37  Marine  
  35  3:43  Factory  
  35  3:46  Barracks Reactor  
  35  3:52  SCV  
  36  3:56  SCV, Barracks Reactor  
  37  4:04  Supply Depot  
  37  4:05  Marine  
  37  4:09  SCV  
  39  4:10  SCV  
  40  4:21  SCV  
  40  4:22  SCV, Marine  
  40  4:23  Barracks  
  43  4:24  Marine  
  43  4:27  Marine  
  45  4:32  Starport  
  45  4:36  Factory Reactor  
  45  4:37  Marine  
  45  4:38  Marine  
  47  4:41  SCV  
  47  4:43  SCV  
  49  4:48  Marine, Supply Depot  
  49  4:50  Marine  
  51  4:54  Marine  
  51  4:55  Marine  
  51  4:58  SCV  
  54  5:01  Marine  
  54  5:03  SCV  
  54  5:06  Marine  
  57  5:09  Marine  
  57  5:10  Supply Depot  
  57  5:12  Marine  
  59  5:21  Factory Reactor  
  59  5:22  Barracks, Barracks Reactor  
  59  5:25  Marine  
  59  5:26  Marine x2  
  59  5:27  Marine  
  63  5:30  Marine  
  63  5:32  Medivac  
  63  5:33  Medivac  
  68  5:36  SCV  
  68  5:37  SCV  
  70  5:45  Engineering Bay, Supply Depot  
  70  5:47  Marine  
  70  5:48  SCV  
  72  6:10  Liberator, Marine x3  
  72  6:11  Marine x2  
  57  6:16  Barracks Reactor  
  57  6:17  Marine x2  
  55  6:18  Terran Infantry Weapons Level 1  
  55  6:19  Supply Depot  
  55  6:26  Medivac  
  55  6:28  Marine x4  
  55  6:29  Marine  
  65  6:35  Marine x2, Widow Mine  
  65  6:38  SCV x2  
  71  6:49  Marine  
  71  6:50  Marine x4  
  76  6:54  Marine x2  
  76  6:55  Marine, Widow Mine  
  76  7:00  Refinery  
  81  7:03  Refinery, Widow Mine  
  81  7:04  Marine  
  81  7:06  Combat Shields  
  81  7:07  Marine  
  85  7:13  SCV x2  
  85  7:14  Marine x4  
  91  7:16  Marine  
  91  7:17  Marine  
  91  7:18  Marine  
  94  7:33  Supply Depot  
  94  7:36  Liberator  
  94  7:43  Marine  
  94  7:44  SCV x2, Marine x5  
  77  7:51  Marine x3  
  77  7:52  Widow Mine x2  
  77  7:53  Medivac  
  77  7:57  Supply Depot  
  89  8:01  Marine x4  
  92  8:09  Marine x2  
  92  8:10  Marine x3  
  95  8:16  Terran Infantry Armor Level 1  
  95  8:19  Marine x4  
  99  8:20  SCV  
  100  8:27  Marine  
  100  8:30  SCV  
  102  8:41  Supply Depot  
  102  8:42  Supply Depot  
  102  9:02  Marine x4, Widow Mine x2  
  110  9:04  Marine x5  
  101  9:36  Marine  
  101  9:37  Marine x3  
  100  9:55  Marine x6  
  91  10:01  Marine x3  
  91  10:03  SCV x2  
  96  10:07  Liberator  
  96  10:12  Marine  
  96  10:13  Marine x3  
  96  10:14  Marine x2  
  99  10:15  SCV x2  
  99  10:17  Missile Turret, Bunker, Command Center  
  99  10:19  Marine x3  
  99  10:21  Medivac, Command Center  
  103  10:27  SCV  
  109  10:30  Marine x2  
  109  10:31  Marine x3  
  109  10:32  Marine  
  115  10:37  Marine  
  116  11:00  Liberator  
  83  11:06  Marine x9  
  83  11:07  Widow Mine x2  
  96  11:17  Medivac  
  81  11:23  Marine  
  81  11:24  Marine x5  
  87  11:30  Orbital Command  
  87  11:32  SCV x2  
  89  11:33  Orbital Command  
  89  11:36  Marine  
  89  11:37  Marine x2  
  92  11:41  Marine  
  92  11:44  SCV x2  
  95  11:49  Marine  
  96  11:55  Marine x3  
  96  11:56  Liberator, Marine x4  
  96  11:57  SCV x3  
  96  11:59  Marine  
  107  12:07  Marine  
  108  12:11  Widow Mine x2  
  108  12:13  Marine x4, Medivac  
  121  12:18  Marine x2  
  121  12:19  Marine  
  124  12:25  Marine  
  124  12:26  Marine  
  124  12:29  Concussive Shells  
  125  12:31  Marine x2  
  125  12:34  Armory  
  123  12:37  Engineering Bay  
  123  12:39  Marine x2  
  123  12:40  Marine x3, Widow Mine  
  123  12:41  Widow Mine  
  123  12:43  Marine, Medivac  
  135  12:46  Marine  
  135  12:49  Marine x2  
Tags
 
Add a new tag
Caveats
  • Supply blocks, unpowered buildings, or Contaminate may cause inaccurate times.
  • Supply counts are checked every 10 seconds.